 Dungeon Crawl Stone Soup version 0.31.0-12-g77e489cdc1 (webtiles) character file.

Game seed: 12543146681177267977

79 Buffagor the Changeling (level 4, -3/32 HPs)
             Began as a Merfolk Shapeshifter on Mar 8, 2024.
             Slain by an orc
             ... wielding a +2 war axe of electrocution
              (5 damage)
             ... on level 3 of the Dungeon.
             The game lasted 00:02:32 (1497 turns).

Buffagor the Changeling (Merfolk Shapeshifter)      Turns: 1497, Time: 00:02:32

Health: -3/32      AC:  2    Str: 14    XL:     4   Next: 38%
Magic:  4/4        EV: 12    Int:  9    God:
Gold:   92         SH:  0    Dex: 15    Spells: 3/3 levels left

rFire   . .          .
                       - Unarmed
rCold   . . .        (no shield)
rNeg    . . .        a - +0 animal skin
rPois   .            (helmet currently unavailable)
rElec   .            (cloak currently unavailable)
rCorr   .            (gloves currently unavailable)
SInv    .            (boots currently unavailable)
Will    .....        (no amulet)
Stlth   +            (no ring)
HPRegen 0.25/turn    (no ring)
MPRegen 0.09/turn

%: no passive effects
@: beast-form
A: beast (slay +3), (nimble swimmer 2), mertail
a: Begin Untransformation


You were on level 3 of the Dungeon.
You were a hulking beast.
You visited 1 branch of the dungeon, and saw 3 of its levels.

You collected 92 gold pieces.

Inventory:

Hand Weapons
 b - a +0 sling
Missiles
 j - 3 boomerangs
Armour
 a - a +0 animal skin (worn)
 n - a +0 cloak
Jewellery
 i - a ring of poison resistance
Talismans
 c - a beast talisman
 d - a flux talisman
 e - a blade talisman
Scrolls
 h - a scroll of enchant armour {unknown}
 l - a scroll of poison {unknown}
 m - a scroll of identify {unknown}
 o - a scroll of teleportation {unknown}
 p - a scroll of brand weapon {unknown}
Potions
 f - a potion of haste {unknown}
 g - a potion of berserk rage {unknown}
 k - a potion of lignification
 q - a potion of invisibility {unknown}


   Skills:
 - Level 1.1 Fighting
 - Level 2.6 Dodging
 + Level 4.2 Unarmed Combat
 * Level 5.6 Shapeshifting


You had 3 spell levels left.
You didn't know any spells.
Your spell library was empty.

Dungeon Overview and Level Annotations

Branches:
Dungeon (3/15)

Altars:


Innate Abilities, Weirdness & Mutations

You are a hulking beast.
Your limbs bulge with bestial killing power. (Slay +3)
((You are very nimble when in or above water. (Stealth+, EV+, Speed+++)))
Your lower body shifts to a powerful aquatic tail in water.


Message History

The orc wizard shouts!
The sling bullet hits the orc wizard.
The orc wizard is lightly wounded.
An orc comes into view. It is wielding a +0 flail.
An orc comes into view.
It is wielding a +2 war axe of electrocution.
You shoot a sling bullet.
The sling bullet barely misses the orc wizard.
The orc wizard points at you and mumbles some strange words.
You are confused.
You are too confused!
Unknown command.
Unknown command.
You are now empty-handed.
The orc wizard points at you and mumbles some strange words.
You resist with significant effort.
The orc wizard casts a spell.
The orc wizard flickers and vanishes!
Deactivating autopickup; reactivate with Ctrl-A.
The orc closely misses you. Something hits you.
You hit something. The orc barely misses you. x2
Something hits you but does no damage.
Unknown command.
Unknown command.
You hit something.
You feel less confused. The orc barely misses you. Something hits you.
The orc misses you.
You hit something.
Reactivating autopickup.
You feel a bit more experienced.
The orc hits you with a +2 war axe of electrocution!
You are electrocuted!
* * * LOW HITPOINT WARNING * * *
The orc barely misses you.
You have reached level 4!
Unknown command.
Unknown command.
You hit the orc.
The orc is heavily wounded.
The orc hits you with a +2 war axe of electrocution.
You die...

.......# #......#
#...... ##......
#...... #....)# #...).#
#...oh# #...o.#
+..[..## ##.....#
#.....# ##### #######.#
#.#.. #.......###.#.#
#####
#.......'...#.####.....
#.......###.#.........#


You could see 2 orcs.

Vanquished Creatures
  An orc priest (D:3)
  An orc wizard (D:3)
  A dart slug (D:1)
  A ribbon worm (D:2)
  3 orcs (D:3)
  A bat (D:2)
  3 goblins
  2 hobgoblins
  2 ball pythons
  A kobold (D:2)
  2 rats
18 creatures vanquished.

Notes
Turn   | Place    | Note
-------+----------+-------------------------------------------
     0 | D:1      | Buffagor the Merfolk Shapeshifter began the quest for the
                  | Orb.
     0 | D:1      | Reached XP level 1. HP: 15/15 MP: 1/1
   424 | D:1      | Reached XP level 2. HP: 21/21 MP: 2/2
   451 | D:1      | Found a faded altar of an unknown god.
  1372 | D:3      | Reached skill level 5 in Shapeshifting
  1372 | D:3      | Reached XP level 3. HP: 11/26 MP: 3/3
  1497 | D:3      | Reached XP level 4. HP: 2/32 MP: 4/4
  1497 | D:3      | Slain by an orc

Illustrated notes

Levels and vault maps discovered:
D:1:      evilmike_arrival_rings, layout_basic,
          shapermc_ecumenical_altar_ellora, serial_bayou_pond_a
D:2:      layout_basic
D:3:      layout_basic, nicolae_vehumet_altar_sigil, uniq_terence

Skill      XL: |  1  2  3 |
---------------+----------+-----
Shapeshifting  | 5 |  5.6
Unarmed Combat | 4 |  4.2
Fighting       | |  1.1
Dodging        | |  2.6

Action                     |  1- 3 |  4- 6 || total
---------------------------+-------+-------++-------
  Melee: Unarmed           |    27 |     1 ||    28
   Fire: Sling             |    13 |       ||    13
  Throw: Stone             |    19 |       ||    19
   Stab: Sleeping          |     1 |       ||     1
 Armour: Animal skin       |    15 |     1 ||    16
  Dodge: Dodged            |    11 |       ||    11
